 Dungeon Crawl Stone Soup version 0.29-a0-1033-gb6c65ffae6 (webtiles) character file.

Game seed: 7969128276225846822

15859 Snarg the Covert (level 12, -2/56 HPs)
             Began as a Spriggan Conjurer on Aug 14, 2022.
             Was a Priest of Vehumet.
             Slain by a boulder beetle (58 damage)
             ... on level 2 of the Lair of Beasts.
             The game lasted 01:32:49 (17578 turns).

Snarg the Covert (Spriggan Conjurer)               Turns: 17578, Time: 01:32:49

Health: -2/56      AC:  6    Str:  3    XL:     12   Next: 4%
Magic:  16/22      EV: 19    Int: 22    God:    Vehumet [***...]
Gold:   646        SH:  0    Dex: 19    Spells: 1/23 levels left

rFire   + . .      SeeInvis +   b - +4 rapier of Ravage {spect, rN+ Dex+3}
rCold   . . .      Faith    .   (no shield)
rNeg    + . .      Spirit   .   D - +0 acid dragon scales
rPois   .          Reflect  .   (helmet restricted)
rElec   .          Harm     .   (no cloak)
rCorr   +          Rampage  .   (gloves unavailable)
Will    +++..                   (boots unavailable)
Stlth   ++++......              r - amulet of the acrobat
HPRegen 0.18/turn               l - ring of protection from fire
MPRegen 0.18/turn               V - ring of willpower

@: very quick
A: very small, no large weapons, unfitting armour, see invisible, speed 3
a: Renounce Religion


You were on level 2 of the Lair of Beasts.
You worshipped Vehumet.
Vehumet was most pleased with you.
You visited 3 branches of the dungeon, and saw 12 of its levels.

You collected 686 gold pieces.
You spent 40 gold pieces at shops.

Inventory:

Hand Weapons
 a - a +5 dagger of speed
 b - the +4 rapier of Ravage (weapon) {spect, rN+ Dex+3}
   (You found it on level 7 of the Dungeon)

   When its wielder attacks, the weapon's spirit leaps out and strikes again.
   The spirit shares a part of any damage it takes with its wielder.
   Dex:       It affects your dexterity (+3).
   rN:        It protects you from negative energy.
 E - a +2 dagger of venom
 F - a +2 short sword of flaming
 I - a +0 short sword of protection
 O - a +2 dagger of venom
Missiles
 h - 39 poisoned darts
 p - 4 boomerangs
 Q - a curare-tipped dart
Armour
 g - a +1 robe
 D - +0 acid dragon scales (worn)
Jewellery
 l - a ring of protection from fire (left hand)
 r - an amulet of the acrobat (around neck)
 v - a ring of resist corrosion
 R - a ring of positive energy
 V - a ring of willpower (right hand)
Wands
 m - a wand of flame (37)
 B - a wand of polymorph (10)
 J - a wand of light (17)
 L - a wand of paralysis (14)
 M - a wand of digging (7)
Scrolls
 d - a scroll of blinking
 q - 3 scrolls of immolation
 A - 4 scrolls of teleportation
 H - a scroll of fear
 N - 2 scrolls of poison
Potions
 c - 2 potions of heal wounds
 f - 2 potions of magic
 j - 3 potions of attraction
 k - 2 potions of resistance
 n - 2 potions of curing
 o - a potion of haste {unknown}
 t - 4 potions of berserk rage
 x - 2 potions of brilliance
 z - 2 potions of invisibility
 C - 3 potions of lignification
 G - a potion of might {unknown}
 K - a potion of mutation {unknown}
 S - a potion of cancellation {unknown}


   Skills:
 - Level 3.0 Fighting
 + Level 9.4 Short Blades
 * Level 0.9 Armour
 + Level 9.1 Dodging
 - Level 10.0 Stealth
 - Level 6.0 Spellcasting
 + Level 8.2 Conjurations
 - Level 9.2 Hexes
 * Level 7.4 Translocations
 - Level 2.0 Ice Magic
 * Level 1.9 Air Magic
 * Level 1.9 Poison Magic
 + Level 0.4 Evocations


You had one spell level left.
You knew the following spells:

 Your Spells              Type           Power      Damage    Failure   Level
a - Magic Dart            Conj           100%       1d8       1%          1
b - Searing Ray           Conj           84%        2d7       1%          2
c - Dazzling Flash        Conj/Hex       88%        N/A       1%          3
d - Tukima's Dance        Hex            47%        N/A       1%          3
e - Ensorcelled Hibernat  Hex/Ice        62%        N/A       3%          2
f - Fulminant Prism       Conj/Hex       22%        3d13      1%          4
g - Iskenderun's Mystic   Conj/Tloc      41%        2d9       3%          4
h - Mephitic Cloud        Conj/Pois/Air  24%        N/A       4%          3

Your spell library contained the following spells:

 Spells                   Type           Power      Damage    Failure   Level
 Airstrike                Air            7%         2d(2-18)  28%         4
 Slow                     Hex            100%       N/A       1%          1
 Confusing Touch          Hex            47%        N/A       1%          3
 Poisonous Vapours        Pois/Air       30%        N/A       5%          2
 Passage of Golubria      Tloc           39%        N/A       12%         4
 Yara's Violent Unravell  Hex/Tmut       13%        3d7       26%         5
 Call Imp                 Summ           6%         N/A       36%         2
 Anguish                  Hex/Necr       13%        N/A       36%         4
 Spider Form              Tmut/Pois      10%        N/A       45%         3
 Vampiric Draining        Necr           6%         2d6       58%         3
 Corpse Rot               Necr/Pois/Air  12%        N/A       83%         4


Dungeon Overview and Level Annotations

Branches:
Dungeon (9/15)             Temple (1/1) D:5            Lair (2/5) D:9
  Swamp: Lair:2-3    Shoals: Lair:2-3     Snake: Lair:2-3    Spider: Lair:2-3
    Orc: D:9-12

Altars:
Ashenzari
Cheibriados
Dithmenos
Elyvilon
Fedhas
Hepliaklqana
Kikubaaqudgha
Nemelex Xobeh
Okawaru
Qazlal
Sif Muna
Trog
Uskayaw
Vehumet
Wu Jian
Xom
Zin
The Shining One

Shops:
D:3 !   D:4 :   D:5 :

Annotations:
D:1 clr
D:2 clr
D:4 d:$
D:5 clr, Prince Ribbit
D:6 clr
D:8 clr
D:9 clr
Lair:1 clr


Innate Abilities, Weirdness & Mutations

You are very small and have problems with some larger weapons.
You are too small for most types of armour.
You have supernaturally acute eyesight. (SInv)
You cover ground extremely quickly. (Speed+++)


Message History

There is a stone staircase leading up here.
Things that are here:
a wolf corpse; a water moccasin corpse
There is a stone staircase leading up here.
Save game and exit?
Welcome back, Snarg the Spriggan Conjurer.
Vehumet says: Let it end in hellfire!
Press ? for a list of commands and other information.
You now have 646 gold pieces (gained 19).
A bullfrog comes into view.
You see here a cane toad corpse.
A boulder beetle comes into view.
Cast which spell? (? or * to list)
Aiming: Ensorcelled Hibernation (safe; 3% risk of failure)
Press: ? - help, Shift-Dir - straight line, f - bullfrog
Aim: a bullfrog (wandering, hasn't noticed you, chance to affect: 61%)
The bullfrog croaks.
The bullfrog resists with significant effort.
You hear a bellow!
Casting: Ensorcelled Hibernation (safe; 3% risk of failure)
Confirm with . or Enter, or press ? or * to list all spells.
Aiming: Ensorcelled Hibernation (safe; 3% risk of failure)
Press: ? - help, Shift-Dir - straight line, f/p - bullfrog
Aim: a bullfrog (chance to affect: 61%)
The bullfrog looks drowsy...
The boulder beetle curls into a ball and begins rolling!
The helpless bullfrog fails to defend itself.
You stick the bullfrog like a pincushion!!!!
You kill the bullfrog!
Vehumet accepts your kill.
Casting: Ensorcelled Hibernation (safe; 3% risk of failure)
Confirm with . or Enter, or press ? or * to list all spells.
Aiming: Ensorcelled Hibernation (safe; 3% risk of failure)
Press: ? - help, Shift-Dir - straight line, f - boulder beetle
Aim: a boulder beetle (rolling, chance to affect: 43%)
The boulder beetle resists with some effort.
The boulder beetle attacks as you move away!
The boulder beetle hits you!!!
Ouch! That really hurt!
You die...

.~.~.~# ...... .....#
#°...# ### ### ##°...##
#
.##P.####.####.°....#.#
................B†......
.......>........@.......
........................
.......................
##...........†......$..
#............†........
#.....................
#.........<†..........
............††..........
........................


You could see a boulder beetle (rolling).

Vanquished Creatures
  Erica (D:8)
  A wizard (D:9)
  A black mamba (Lair:1)
  A guardian serpent (shapeshifter) (D:9)
  Maggie (D:6)
  2 kobold demonologists (D:6)
  4 komodo dragons (Lair:1)
  A cane toad (Lair:2)
  A troll (D:9)
  2 hornets (D:9)
  A dream sheep (Lair:1)
  Sigmund (D:5)
  A vampire (D:9)
  A dancing weapon (D:7)
  4 wyverns
  23 yaks
  A steam dragon (D:8)
  3 vampire mosquitoes (D:9)
  Eustachio (D:6)
  3 water moccasins
  5 orc warriors
  5 ice beasts
  A sky beast (D:7)
  4 black bears
  An ogre (D:5)
  5 wolves (Lair:2)
  7 centaurs
  A phantom (D:4)
  4 kobold brigands
  3 necrophages
  9 bullfrogs
  A scorpion (D:7)
  5 wights
  17 killer bees
  3 electric eels (D:9)
  4 howler monkeys (D:9)
  4 orc priests
  5 jellies
  3 gnoll boudas
  3 hounds
  An iron imp (D:7)
  3 hell rats (Lair:1)
  Ijyb (D:5)
  2 iguanas
  3 orc wizards
  11 gnolls
  6 adders
  4 river rats (Lair:1)
  A shadow imp (D:7)
  2 white imps
  3 ufetubi
  A worm (D:5)
  2 dart slugs
  16 orcs
  2 bat zombies (D:5)
  7 endoplasms
  2 giant cockroaches
  11 goblins
  3 hobgoblins
  3 jackals (D:2)
  4 quokkas
  6 ball pythons
  7 bats
  A frilled lizard (D:1)
  20 kobolds
  10 rats
  A butterfly (Lair:1)
  A fulminant prism (Lair:1)
278 creatures vanquished.

Vanquished Creatures (collateral kills)
  A bullfrog (D:9)
  A wight (D:9)
  2 orc priests
  2 gnolls (D:7)
  4 orcs
  2 kobolds (D:7)
12 creatures vanquished.

Vanquished Creatures (others)
  6 dancing weapons
  29 fulminant prisms
  3 fungi
  8 plants
46 creatures vanquished.

Grand Total: 336 creatures vanquished

Notes
Turn   | Place    | Note
-------+----------+-------------------------------------------
     0 | D:1      | Snarg the Spriggan Conjurer began the quest for the Orb.
     0 | D:1      | Reached XP level 1. HP: 9/9 MP: 5/5
   471 | D:1      | Reached XP level 2. HP: 13/13 MP: 3/6
   478 | D:1      | Learned a level 2 spell: Searing Ray
   981 | D:2      | Reached XP level 3. HP: 16/16 MP: 0/8
  1309 | D:2      | Learned a level 3 spell: Dazzling Flash
  1591 | D:2      | Reached skill level 1 in Short Blades
  2138 | D:2      | Found a faded altar of an unknown god.
  2482 | D:3      | Reached skill level 4 in Stealth
  2583 | D:3      | Reached XP level 4. HP: 21/21 MP: 9/9
  2680 | D:3      | Reached skill level 1 in Hexes
  3186 | D:3      | Found Rymiaklekh's Distillery.
  3195 | D:3      | Bought a potion of brilliance for 40 gold pieces
  3588 | D:3      | Found a snail-covered altar of Cheibriados.
  3790 | D:3      | Found a shimmering blue altar of Sif Muna.
  3920 | D:4      | Reached skill level 1 in Fighting
  3920 | D:4      | Reached XP level 5. HP: 25/25 MP: 4/10
  4148 | D:4      | Reached skill level 5 in Stealth
  4151 | D:4      | Reached XP level 6. HP: 21/30 MP: 1/11
  4233 | D:4      | Learned a level 3 spell: Tukima's Dance
  4447 | D:4      | Found an ornate altar of the Wu Jian Council.
  4953 | D:4      | Found Zosy's Book Shoppe.
  5648 | D:5      | Entered Level 5 of the Dungeon
  5648 | D:5      | Found a sparkling altar of Nemelex Xobeh.
  5699 | D:5      | Reached XP level 7. HP: 33/33 MP: 5/12
  5790 | D:5      | Found a white marble altar of Elyvilon.
  5813 | D:5      | Noticed Sigmund
  5817 | D:5      | Killed Sigmund
  5839 | D:5      | Found a staircase to the Ecumenical Temple.
  5845 | Temple   | Entered the Ecumenical Temple
  6231 | D:5      | Noticed Prince Ribbit
  6249 | D:5      | Found Quowejin's Book Shop.
  6426 | D:5      | Noticed Ijyb
  6433 | D:5      | Killed Ijyb
  6514 | D:5      | Reached skill level 5 in Hexes
  6707 | D:5      | Reached skill level 5 in Short Blades
  6707 | D:5      | Reached skill level 5 in Dodging
  6707 | D:5      | Reached XP level 8. HP: 21/37 MP: 5/15
  6775 | D:5      | Learned a level 2 spell: Ensorcelled Hibernation
  6780 | D:5      | Learned a level 4 spell: Fulminant Prism
  6961 | D:5      | Found an ancient bone altar of Kikubaaqudgha.
  7483 | D:6      | Noticed Eustachio
  7489 | D:6      | Killed Eustachio
  7490 | D:6      | Reached skill level 6 in Stealth
  7490 | D:6      | Reached skill level 1 in Ice Magic
  7649 | D:6      | Noticed Maggie
  7664 | D:6      | Killed Maggie
  7904 | D:6      | Found a glowing silver altar of Zin.
  8031 | D:6      | Reached skill level 7 in Stealth
  8031 | D:6      | Reached XP level 9. HP: 42/42 MP: 16/16
  8382 | D:7      | Noticed a kobold demonologist
  8572 | D:7      | Noticed a kobold demonologist
  8691 | D:6      | Noticed a red devil
  8700 | D:6      | Noticed a smoke demon
  8701 | D:6      | Noticed a rust devil
  8702 | D:6      | Killed a kobold demonologist
  8914 | D:7      | Reached skill level 5 in Spellcasting
  9002 | D:6      | Killed a kobold demonologist
  9082 | D:7      | Reached skill level 8 in Stealth
  9202 | D:7      | Reached skill level 5 in Conjurations
  9640 | D:7      | Noticed a gargoyle
  9947 | D:7      | Noticed a cyclops
 10400 | Temple   | Became a worshipper of Vehumet
 10504 | D:7      | Identified the +4 rapier of Ravage {spect, rN+ Dex+3}
 10664 | D:7      | Reached XP level 10. HP: 28/46 MP: 10/18
 11282 | D:8      | Reached skill level 9 in Stealth
 11555 | D:7      | HP: 1/46 [hornet (7)]
 12258 | D:8      | Learned a level 4 spell: Iskenderun's Mystic Blast
 12364 | D:8      | Reached * piety under Vehumet
 12364 | D:8      | Offered knowledge of Shock by Vehumet.
 12440 | D:8      | Noticed Erica
 12443 | D:8      | Killed Erica
 12532 | D:8      | Found a bloodstained altar of Trog.
 13500 | D:9      | Paralysed by a hornet for 2 turns
 13907 | D:9      | Found a hide-covered altar of Uskayaw.
 13953 | D:9      | Reached skill level 5 in Translocations
 13957 | D:9      | Reached XP level 11. HP: 52/52 MP: 7/21
 14181 | D:9      | Reached ** piety under Vehumet
 14181 | D:9      | Offered knowledge of Sandblast by Vehumet.
 14462 | D:9      | Noticed a wizard
 14469 | D:9      | Killed a wizard
 14781 | D:9      | Found a staircase to the Lair.
 15163 | D:9      | Offered knowledge of Stone Arrow by Vehumet.
 15834 | D:9      | Learned a level 3 spell: Mephitic Cloud
 15894 | Lair:1   | Entered Level 1 of the Lair of Beasts
 15925 | Lair:1   | Reached *** piety under Vehumet
 16182 | Lair:1   | Reached skill level 1 in Poison Magic
 16184 | Lair:1   | Reached skill level 1 in Air Magic
 16549 | Lair:1   | Offered knowledge of Airstrike by Vehumet.
 17413 | Lair:1   | Upgraded the game from 0.29-a0-1027-gcd8c55af63 to
                  | 0.29-a0-1033-gb6c65ffae6
 17438 | Lair:2   | Reached skill level 10 in Stealth
 17445 | Lair:2   | Reached XP level 12. HP: 56/56 MP: 18/22
 17571 | Lair:2   | Noticed a boulder beetle
 17578 | Lair:2   | Slain by a boulder beetle

Illustrated notes

Levels and vault maps discovered:
D:1:      wander_arrival_estate, layout_loops_ring
D:2:      layout_loops_corners, ebering_ecumenical_altar_box,
          minmay_tromino_v4_b
D:3:      layout_loops_cross, mainiacjoe_overflow_alcove_4,
          nicolae_sif_muna_little_library, serial_shops, shop
D:4:      kennysheep_the_goblin_king, layout_loops_cross,
          overflow_temple_1_default, serial_shops, nicolae_shop_statue_plus
D:5:      layout_loops_ring, lemuel_zombie_altar_kikubaaqudgha,
          nemelex_xobeh_ov_fountains_minmay, elyvilon_altar_1,
          minmay_temple_entry_hall, serial_shops, shop, uniq_ijyb, uniq_sigmund,
          uniq_prince_ribbit1
D:6:      layout_loops_ring, zin_academy, uniq_maggie, uniq_eustachio
D:7:      cheibrodos_fzero, layout_cave_pools, makhleb_grotto_becter,
          grunt_ministairs_6
D:8:      layout_basic, kennysheep_mini_moat, grunt_ministairs_5, uniq_erica
D:9:      nzn_winding_woodlands_cross [nzn_winding_woodlands_5x15_split_checker,
          nzn_winding_woodlands_5x15_longhouse,
          nzn_winding_woodlands_5x15_cabin, nzn_winding_woodlands_5x15_pockets,
          nzn_winding_woodlands_15x15_eel_pit], layout_cave_pools,
          nicolae_uskayaw_dance_hall, lair_entry_dummy
Temple:   kb_temple_of_zot
Lair:1:   layout_gridlike, chequers_serial_rivers_large_b,
          kennysheep_abandoned_house, lemuel_fruit_fields
Lair:2:   layout_long_grid, nzn_masters_of_martial_movement, uniq_harold,
          uniq_nergalle

Skill      XL: |  1  2  3  4  5  6  7  8  9 10 11 |
---------------+----------------------------------+-----
Conjurations   | 3 4 5 6 8 |  8.2
Dodging        | 3 4 5 6 7 9 |  9.1
Short Blades   | 1 2 3 5 7 9 |  9.4
Stealth        | 4 5 7 8 9 10 | 10.0
Spellcasting   | 3 4 5 6 |  6.0
Hexes          | 1 2 4 5 6 8 9 |  9.2
Fighting       | 1 2 3 |  3.0
Ice Magic      | 1 2 |  2.0
Translocations | 5 7 |  7.4
Poison Magic   | 1 |  1.9
Air Magic      | 1 |  1.9
Armour         | |  0.9
Evocations     | |  0.4

Action                   |  1- 3 |  4- 6 |  7- 9 | 10-12 || total
-------------------------+-------+-------+-------+-------++-------
Melee: Dagger            |    45 |    49 |   154 |   166 ||   414
       Short sword       |       |     1 |       |       ||     1
       Punch             |       |       |     1 |     4 ||     5
       Rapier            |       |       |       |    47 ||    47
Throw: Dart              |       |     1 |    10 |     5 ||    16
 Cast: Magic Dart        |    50 |    39 |    47 |    63 ||   199
       Searing Ray       |     3 |    11 |    22 |    11 ||    47
       Tukima's Dance    |       |     8 |    27 |    24 ||    59
       Dazzling Flash    |       |     1 |    17 |    17 ||    35
       Ensorcelled Hiber |       |       |    19 |    41 ||    60
       Fulminant Prism   |       |       |     2 |    28 ||    30
       Iskenderun's Myst |       |       |       |     2 ||     2
       Mephitic Cloud    |       |       |       |     5 ||     5
Evoke: Wand              |       |       |     2 |       ||     2
  Use: Scroll            |       |    14 |     3 |     3 ||    20
       Potion            |       |       |       |     3 ||     3
 Stab: Sleeping          |    10 |     2 |    19 |    31 ||    62
       Distracted        |     1 |       |     1 |       ||     2
       Invisible         |       |     1 |    10 |    10 ||    21
       Confused          |       |       |       |     3 ||     3
Armor: Robe              |     2 |     3 |     7 |     8 ||    20
Dodge: Dodged            |    28 |    30 |   116 |   145 ||   319

Table legend: (Time is in decaauts)
 A = Elapsed time spent in this place.
 B = Non-inter-level travel time spent in this place.
 C = Inter-level travel time spent in this place.
 D = Time resting spent in this place.
 E = Time spent auto-exploring this place.
 F = Levels seen in this place.
 G = Mean time per level.
                   A        B        C        D        E       F      G
               +--------+--------+--------+--------+--------+-----+--------+
         Total |  14060 |  13196 |    864 |   5978 |   4728 |  12 | 1171.7 |
       Dungeon |  12622 |  11857 |    765 |   5482 |   4201 |   9 | 1402.4 |
        Temple |    104 |     59 |     45 |      0 |     52 |   1 |  104.0 |
          Lair |   1333 |   1280 |     53 |    496 |    474 |   2 |  666.5 |
               +--------+--------+--------+--------+--------+-----+--------+

Top non-repeatable levels by time:
     D:6: 2807 daAuts
     D:9: 1612 daAuts
     D:2: 1363 daAuts
     D:7: 1362 daAuts
     D:8: 1280 daAuts
     D:4: 1258 daAuts
  Lair:1: 1212 daAuts
     D:3: 1204 daAuts
     D:5: 1119 daAuts
     D:1: 613 daAuts
  Lair:2: 121 daAuts
  Temple: 104 daAuts
